 Dungeon Crawl Stone Soup version 0.30-a0-134-gb40fab5c76 (webtiles) character file.

Game seed: 3595283573167644381

21 blackman the Shield-Bearer (level 3, 23/29 HPs)
             Began as a Formicid Fighter on Sept 19, 2022.
             Quit the game on level 2 of the Dungeon on Sept 21, 2022.
             The game lasted 00:01:35 (1132 turns).

blackman the Shield-Bearer (Formicid Fighter)       Turns: 1132, Time: 00:01:36

Health: 23/29      AC:  6    Str: 22    XL:     3   Next: 5%
Magic:  3/3        EV:  9    Int:  7    God:
Gold:   37         SH:  5    Dex: 13    Spells: 2/2 levels left

rFire   . . .      SeeInvis +    a - +0 war axe
rCold   . . .      Faith    .    c - +0 buckler
rNeg    . . .      Spirit   .    b - +0 scale mail
rPois   .          Reflect  .    (helmet unavailable)
rElec   .          Harm     .    (no cloak)
rCorr   .          Rampage  .    (no gloves)
Will    .....                    (no boots)
Stlth   ..........               (no amulet)
HPRegen 0.09/turn                (no ring)
MPRegen 0.08/turn                (no ring)

@: no status effects
A: permanent stasis, dig shafts and tunnels, antennae 3, four strong arms
a: Dig, Shaft Self


You were on level 2 of the Dungeon.
You visited 1 branch of the dungeon, and saw 2 of its levels.

You collected 37 gold pieces.

Inventory:

Hand Weapons
 a - a +0 war axe (weapon)
 i - a +0 whip of freezing
Missiles
 j - 3 poisoned darts
Armour
 b - a +0 scale mail (worn)
 c - a +0 buckler (worn)
Scrolls
 e - a scroll of brand weapon {unknown}
 f - a scroll of identify {unknown}
 g - 2 scrolls of teleportation {unknown}
 h - a scroll of butterflies {unknown}
 k - a scroll of noise {unknown}
Potions
 d - a potion of might


   Skills:
 - Level 3.2 Fighting
 + Level 3.3 Axes
 - Level 3.2 Armour
 - Level 4.0 Shields


You had 2 spell levels left.
You didn't know any spells.
Your spell library was empty.

Dungeon Overview and Level Annotations

Branches:
Dungeon (2/15)

Altars:

Shops:
D:1 ?


Innate Abilities, Weirdness & Mutations

You cannot be hasted, slowed, berserked, paralysed or teleported.
You can dig through walls and to a lower floor.
You have a pair of large antennae on your head. (SInv)
Your four strong arms can wield two-handed weapons with a shield.


Message History

Are you sure you want to leave the Dungeon?
This will make you lose the game! [Y]es or [N]o only, please.
Are you sure you want to leave the Dungeon?
This will make you lose the game! [Y]es or [N]o only, please.
Are you sure you want to leave the Dungeon?
This will make you lose the game! [Y]es or [N]o only, please.
Are you sure you want to leave the Dungeon?
This will make you lose the game!
Alright, then stay!
Press: ? - help, v - describe, . - travel A staircase leading out of the dungeon.
Unknown command.
Unknown command.
There is an open door here.
There is a stone staircase leading down here.
You climb downwards.
There is a stone staircase leading up here.
Key pressed, stopping explore.
Key pressed, stopping explore.
You now have 37 gold pieces (gained 9).
You sense a monster nearby.
A worm comes into view.
A worm is nearby!
You slash the worm!
The worm is moderately wounded.
The worm bites you.
You slash the worm!
The worm is almost dead.
The worm closely misses you.
You slash the worm!
You kill the worm!
You have reached level 3!
Your experience leads to an increase in your attributes!
Increase (S)trength, (I)ntelligence, or (D)exterity?
Welcome back, blackman the Formicid Fighter.
Press ? for a list of commands and other information.
You have reached level 3!
Your experience leads to an increase in your attributes!
Increase (S)trength, (I)ntelligence, or (D)exterity?
You feel stronger. x2
Are you sure you want to abandon this character and quit the game? (Confirm with "yes".)

#.########
#.# #.# #.#
#.# #.# #.#
#.########.
#..@.......
##########.


There were no monsters in sight!

Vanquished Creatures
  A worm (D:2)
  A bat (D:1)
  An endoplasm (D:1)
  A giant cockroach (D:1)
  3 goblins (D:1)
  4 hobgoblins (D:1)
  A ball python (D:1)
  A frilled lizard (D:1)
  A kobold (D:1)
  3 rats (D:1)
17 creatures vanquished.

Notes
Turn   | Place    | Note
-------+----------+-------------------------------------------
     0 | D:1      | blackman the Formicid Fighter began the quest for the Orb.
     0 | D:1      | Reached XP level 1. HP: 18/18 MP: 1/1
    22 | D:1      | Found a faded altar of an unknown god.
   155 | D:1      | Reached XP level 2. HP: 24/24 MP: 2/2
   232 | D:1      | Found Donne's Magic Scroll Boutique.
  1132 | D:2      | Reached XP level 3. HP: 23/29 MP: 3/3
  1132 | D:2      | Quit the game

Illustrated notes

Levels and vault maps discovered:
D:1:      wander_arrival_chamber, layout_loops_corners,
          hellmonk_ecumenical_altar_pennies_from_heaven, serial_shops,
          nicolae_shop_statue_plus
D:2:      layout_basic

Skill      XL: |  1  2 |
---------------+-------+-----
Axes           | 3 |  3.3
Fighting       | |  3.2
Armour         | |  3.2
Shields        | |  4.0

Action                   || total
-------------------------++-------
Melee: War axe           ||    34
Armor: Scale mail        ||    12
Dodge: Dodged            ||    20
Block: Buckler           ||     7

Table legend: (Time is in decaauts)
 A = Elapsed time spent in this place.
 B = Non-inter-level travel time spent in this place.
 C = Inter-level travel time spent in this place.
 D = Time resting spent in this place.
 E = Time spent auto-exploring this place.
 F = Levels seen in this place.
 G = Mean time per level.
                   A        B        C        D        E       F      G
               +--------+--------+--------+--------+--------+-----+--------+
         Total |   1147 |   1062 |     85 |      0 |    941 |   2 |  573.5 |
       Dungeon |   1147 |   1062 |     85 |      0 |    941 |   2 |  573.5 |
               +--------+--------+--------+--------+--------+-----+--------+

Top non-repeatable levels by time:
     D:1: 1109 daAuts
     D:2: 37 daAuts
